 Dungeon Crawl Stone Soup version 0.27-a0-124-g19cb506db8 (webtiles) character file.

Game seed: 17773152464221525289

660 kae the Ruffian (level 7, -1/57 HPs)
             Began as a Pale Draconian Transmuter on Jan 26, 2021.
             Slain by a yak (14 damage)
             ... on level 5 of the Dungeon.
             The game lasted 00:02:33 (4784 turns).

kae the Ruffian (Pale Draconian Transmuter)         Turns: 4784, Time: 00:02:33

Health: -1/57      AC:  2    Str: 14    XL:     7   Next: 30%
Magic:  10/12      EV: 21    Int: 14    God:
Gold:   247        SH:  0    Dex: 16    Spells: 5/13 levels left

rFire    . . .     SeeInvis .     - Unarmed
rCold    . . .     Faith    .   (shield currently unavailable)
rNeg     . . .     Spirit   .   (armour unavailable)
rPois    x         Reflect  .   (helmet currently unavailable)
rElec    .         Harm     .   (cloak currently unavailable)
rCorr    .         Rampage  .   (gloves currently unavailable)
Will     .....                  (boots currently unavailable)
Stlth    +.........             (no amulet)
HPRegen  0.19/turn              (no ring)
MPRegen  0.13/turn              (no ring)

@: spider-form (expiring)
A: tiny, (breathe steam), unfitting armour, AC +6
a: End Transformation


You were on level 5 of the Dungeon.
You were a venomous arachnid creature.
You visited 2 branches of the dungeon, and saw 6 of its levels.

You collected 247 gold pieces.

Inventory:

Scrolls
 d - 2 scrolls of remove curse
 j - a scroll of identify
 l - a scroll of enchant armour {unknown}
Potions
 a - a potion of ambrosia {unknown}
 b - a potion of lignification
 c - 2 potions of degeneration
 e - a potion of magic
 f - 2 potions of attraction
 g - a potion of cancellation {unknown}
 h - 3 potions of resistance {unknown}
 i - a potion of haste {unknown}
 k - 2 potions of curing


   Skills:
 + Level 3.4 Fighting
 + Level 3.2 Dodging
 * Level 5.4 Unarmed Combat
 + Level 3.5 Spellcasting
 + Level 3.6 Transmutations
 * Level 1.2 Ice Magic


You had 5 spell levels left.
You knew the following spells:

 Your Spells              Type           Power        Failure   Level
a - Beastly Appendage     Tmut           24%          14%         1
b - Spider Form           Tmut/Pois      3%           50%         3
c - Ice Form              Ice/Tmut       9%           78%         4

Your spell library contained the following spells:

 Spells                   Type           Power        Failure   Level
 Wereblood                Tmut           12%          19%         2
 Magic Dart               Conj           8%           41%         1
 Blink                    Tloc           N/A          52%         2
 Call Imp                 Summ           2%           52%         2
 Slow                     Hex            2%           52%         2
 Conjure Flame            Conj/Fire      2%           73%         3
 Mephitic Cloud           Conj/Pois/Air  2%           73%         3
 Blade Hands              Tmut           6%           90%         5


Dungeon Overview and Level Annotations

Branches:
Dungeon (5/15)             Temple (1/1) D:4

Altars:
Cheibriados
Dithmenos
Elyvilon
Fedhas
Gozag
Hepliaklqana
Makhleb
Sif Muna
Trog
Xom
Yredelemnul
Zin
The Shining One
Lugonu


Innate Abilities, Weirdness & Mutations

((You can breathe blasts of scalding, opaque steam.))
((Your pale cyan-grey scales are hard. (AC +6)))
You cannot fit into any form of body armour.
((You are cold-blooded and may be slowed by cold attacks.))


Message History

You hit the yak.
The yak looks as sick as possible!
The yak is moderately wounded.
The yak closely misses you.
You hit the yak but do no damage.
The yak looks as sick as possible!
The yak is heavily wounded.
The yak closely misses you.
You hit the yak.
The yak is heavily wounded.
You hit the yak but do no damage.
The yak is poisoned.
You hit the yak.
The yak looks as sick as possible!
The yak is lightly wounded.
The yak closely misses you.
You hit the yak.
The yak looks as sick as possible!
The yak is moderately wounded.
The yak gores you!
* * * LOW HITPOINT WARNING * * *
You hit the yak.
The yak looks as sick as possible!
The yak is heavily wounded.
The yak gores you!
You die...

#...............
#.####.#.###....
#.#......#....#.
#.#.##.#.#.##...
#.#.##.#.#.####.
#.#.##..........
###.#.####.#######
#..>......... #
#s###........ #
#Y# ######.... #
#YY.YY... .# #
#Y.......
#........
#.####### #.# #.#
#.#


You could see 4 yaks.

Vanquished Creatures
  A yak (D:5)
  An ice beast (D:5)
  A centaur (D:5)
  A bullfrog (D:5)
  An orc wizard (D:3)
  An orc priest (D:3)
  A hound (D:4)
  A worker ant (D:5)
  6 gnolls (D:3)
  A white imp (D:5)
  An ooze (D:4)
  2 worms
  2 dart slugs (D:1)
  6 leopard geckos
  9 orcs
  8 giant cockroaches
  4 goblins
  6 hobgoblins
  4 jackals
  12 kobolds
  2 quokkas
  A ball python zombie (D:5)
  6 bats
  4 frilled lizards
  5 rats
87 creatures vanquished.

Notes
Turn   | Place    | Note
-------+----------+-------------------------------------------
     0 | D:1      | kae the Draconian Transmuter began the quest for the Orb.
     0 | D:1      | Reached XP level 1. HP: 16/16 MP: 3/3
   214 | D:1      | Reached XP level 2. HP: 21/23 MP: 3/5
   648 | D:1      | Reached XP level 3. HP: 28/28 MP: 6/6
   652 | D:1      | Learned a level 3 spell: Spider Form
   714 | D:2      | Found a shimmering blue altar of Sif Muna.
  1303 | D:2      | Found an opulent altar of Gozag.
  1775 | D:3      | Found a hazy altar of Hepliaklqana.
  1824 | D:3      | Reached XP level 4. HP: 19/36 MP: 1/7
  2104 | D:3      | Reached skill level 4 in Unarmed Combat
  2116 | D:3      | Reached XP level 5. HP: 20/41 MP: 2/9
  3376 | D:4      | Found a snail-covered altar of Cheibriados.
  3390 | D:4      | Found a glowing golden altar of the Shining One.
  3450 | D:4      | Found a staircase to the Ecumenical Temple.
  3722 | D:4      | Found a glowing silver altar of Zin.
  3831 | Temple   | Entered the Ecumenical Temple
  3889 | D:5      | Entered Level 5 of the Dungeon
  3901 | D:5      | Noticed an ice beast
  3912 | D:5      | HP: 1/42 [ice beast (10)]
  3913 | D:5      | Killed an ice beast
  3914 | D:5      | Reached XP level 6. HP: 2/50 MP: 10/10
  4245 | D:5      | Found a shadowy altar of Dithmenos.
  4255 | D:5      | Reached skill level 5 in Unarmed Combat
  4364 | D:5      | Learned a level 4 spell: Ice Form
  4758 | D:5      | Noticed a yak
  4761 | D:5      | Noticed a yak
  4761 | D:5      | Noticed a yak
  4761 | D:5      | Noticed a yak
  4761 | D:5      | Noticed a yak
  4773 | D:5      | Killed a yak
  4774 | D:5      | Reached skill level 1 in Ice Magic
  4774 | D:5      | Your scales start taking on a pale cyan-grey colour.
  4774 | D:5      | Reached XP level 7. HP: 24/57 MP: 8/12
  4784 | D:5      | Slain by a yak

Illustrated notes

Levels and vault maps discovered:
D:1:      wander_arrival_desolate, layout_rooms
D:2:      layout_loops_ring, lemuel_round_altar, old_standard_altar
D:3:      layout_loops_ring, lemuel_round_altar
D:4:      layout_basic, kennysheep_mini, cheibriados_altar_1,
          overflow_temple_1_default, minmay_temple_entry_crystal_x
D:5:      layout_basic, lemuel_coloured_pillars_altar, grunt_qazlal_clouds,
          kiku_gazebo_garden_becter, old_standard_altar, kennysheep_mini_moat
Temple:   corrupted_temple

Skill      XL: |  1  2  3  4  5  6 |
---------------+-------------------+-----
Dodging        | 2 3 |  3.2
Fighting       | 2 3 |  3.4
Unarmed Combat | 4 5 |  5.4
Transmutations | 3 |  3.6
Spellcasting   | 3 |  3.5
Ice Magic      | 1 |  1.2

Action                   |  1- 3 |  4- 6 |  7- 9 || total
-------------------------+-------+-------+-------++-------
Melee: Unarmed           |   134 |   164 |    11 ||   309
       Tailslap          |    10 |    16 |       ||    26
       Kick              |    24 |    19 |       ||    43
       Headbutt          |     7 |    14 |       ||    21
       Punch             |     1 |     2 |       ||     3
 Cast: Beastly Appendage |    27 |    21 |       ||    48
       Spider Form       |     1 |     4 |       ||     5
  Use: Scroll            |     6 |     3 |       ||     9
       Potion            |       |     1 |       ||     1
 Stab: Sleeping          |       |     1 |       ||     1
Armor: Skin              |    53 |    29 |       ||    82
Dodge: Dodged            |   116 |    88 |     7 ||   211

Table legend: (Time is in decaauts)
 A = Elapsed time spent in this place.
 B = Non-inter-level travel time spent in this place.
 C = Inter-level travel time spent in this place.
 D = Time resting spent in this place.
 E = Time spent auto-exploring this place.
 F = Levels seen in this place.
 G = Mean time per level.
                   A        B        C        D        E       F      G
               +--------+--------+--------+--------+--------+-----+--------+
         Total |   4762 |   4671 |     91 |    378 |   3604 |   6 |  793.7 |
       Dungeon |   4720 |   4642 |     78 |    378 |   3575 |   5 |  944.0 |
        Temple |     42 |     29 |     13 |      0 |     29 |   1 |   42.0 |
               +--------+--------+--------+--------+--------+-----+--------+

Top non-repeatable levels by time:
     D:3: 1376 daAuts
     D:2: 1031 daAuts
     D:5: 890 daAuts
     D:4: 711 daAuts
     D:1: 709 daAuts
  Temple: 42 daAuts
